 Dungeon Crawl Stone Soup version 0.19-a0-1792-g28b16ba (webtiles) character file.

24 Amnesiac the Magician (level 2, 0/19 HPs)
             Began as a Mummy Wizard on Oct 4, 2016.
             Slain by a bat zombie (1 damage)
             ... on level 2 of the Dungeon.
             The game lasted 00:02:02 (963 turns).

Amnesiac the Magician (Mummy Wizard)                 Turns: 963, Time: 00:02:03

Health: 0/19       AC:  3    Str: 10    XL:     2   Next: 79%
Magic:  1/6        EV: 12    Int: 17    God:
Gold:   14         SH:  0    Dex: 10    Spells: 2 memorised, 5 levels left

rFire  x . .     SeeInvis .     (no weapon)
rCold  + . .     Gourm    .     a - +0 robe
rNeg   + + +     Faith    .     (no shield)
rPois  ∞         Spirit   .     b - +1 hat
rElec  .         Dismiss  .     (no cloak)
rCorr  .         Reflect  .     (no gloves)
MR     .....     Harm     .     (no boots)
Stlth  ++........               (no amulet)
                                (no ring)
                                (no ring)

@: no status effects
A: no food or potions, fire vulnerability, cold resistance 1, negative energy
resistance 3, torment resistance, unbreathing
a: no special abilities


You were on level 2 of the Dungeon.
You were not hungry.

You visited 1 branch of the dungeon, and saw 2 of its levels.

You collected 14 gold pieces.

Inventory:

Armour
 a - a +0 robe (worn)
 b - a +1 hat (worn)
Books
 c - a book of Minor Magic

   Spells                             Type                      Level
   a - Magic Dart                     Conjuration                  1
   b - Blink                          Translocation                2
   c - Call Imp                       Summoning                    2
   d - Repel Missiles                 Charms/Air                   2
   e - Slow                           Hexes                        2
   f - Conjure Flame                  Conjuration/Fire             3
   g - Mephitic Cloud                 Conjuration/Poison/Air       3


   Skills:
 - Level 1.5 Dodging
 - Level 1.5 Stealth
 + Level 3.8 Spellcasting
 - Level 1.0 Conjurations
 - Level 0.7 Summonings
   Level 0.7 Translocations


You had 5 spell levels left.
You knew the following spells:

 Your Spells              Type           Power        Failure   Level  Hunger
d - Call Imp              Summ           #.......     21%         2    N/A
f - Magic Dart            Conj           #...         14%         1    N/A

Dungeon Overview and Level Annotations

Branches:
Dungeon (2/15)

Altars:
Kikubaaqudgha


Innate Abilities, Weirdness & Mutations

You do not eat or drink.
Your flesh is vulnerable to fire.
You are immune to poison.
Your flesh is cold resistant. (rC+)
You are immune to negative energy. (rN+++)
You are immune to unholy pain and torment.
You can survive without breathing.


Message History

The bat skeleton misses you. The bat zombie barely misses you.
Your crimson imp barely misses the bat skeleton.
What are your orders? t - Shout!
Orders for allies: a - Attack new target. r - Retreat! s - Stop attacking. g - Guard the area. f - Follow me.
Anything else - Cancel.
Gang up on whom?
Press: ? - help, Dir - move target cursor, f - vampire bat
Aim: a vampire bat (severely damaged) Attack!
The vampire bat barely misses your crimson imp.
The bat skeleton hits you but does no damage.
The bat zombie hits you but does no damage.
The vampire bat barely misses your crimson imp.
The bat skeleton hits you.
* * * LOW HITPOINT WARNING * * *
The bat zombie hits you.
You die...

######.#....#
####'''#####.##
........
##.....## ...
.....#.#
##.⌠.#.⌠.# ..
......#.#
#.#.#.#.#.#
......#.#
#..#.⌠.#..#
.......#
#.#.#.#.#Z#
.....
##.⌠.#.⌠.##
##5#.#.#.#.#
#@Zb#.⌠.#.⌠.#
##Z#.#.#.#.##
.#Z⌠.#.⌠.#.# ##
#.#.#.#.##
#...#.⌠. ⌠.⌠.#.
_... ⌠.


You could see a vampire bat, 2 bat zombies, a bat skeleton and a friendly
crimson imp.

Vanquished Creatures
  A dart slug (D:1)
  A bat (D:1)
  A bat skeleton (D:2)
  A bat zombie (D:2)
  4 giant cockroaches (D:1)
  A hobgoblin (D:1)
  A quokka (D:1)
  A ball python (D:1)
  4 frilled lizards (D:1)
  A kobold (D:1)
  7 rats
23 creatures vanquished.

Notes
Turn   | Place    | Note
-------+----------+-------------------------------------------
     0 | D:1      | Amnesiac the Mummy Wizard began the quest for the Orb.
     0 | D:1      | Reached XP level 1. HP: 13/13 MP: 4/4
   174 | D:1      | Reached skill level 1 in Conjurations
   358 | D:1      | Reached XP level 2. HP: 19/19 MP: 0/6
   419 | D:1      | Learned a level 2 spell: Call Imp
   932 | D:2      | Found an ancient bone altar of Kikubaaqudgha.
   932 | D:2      | Noticed a vampire bat
   963 | D:2      | Slain by a bat zombie

Vault maps used:
D:1:      onia_arrival_larder, minmay_octomino_e4
D:2:      kennysheep_vampire_church

Skill      XL: |  1 |
---------------+----+-----
Conjurations   | 1 |  1.0
Dodging        | |  1.5
Stealth        | |  1.5
Spellcasting   | |  3.8
Summonings     | |  0.7
Translocations | |  0.7

Action                   || total
-------------------------++-------
Melee: Unarmed           ||    40
 Cast: Magic Dart        ||    52
       Call Imp          ||     2
  Use: Scroll            ||     2
Armor: Robe              ||    79
Dodge: Dodged            ||   216
